AoeStats
← Murderer Potato

Black Forest

509489789Analyzed
4v4 RM · 7d ago on Sep 27, 2026· 53m 40s· 8 players
Game mode
Random Map
Map size
Large (8 player)
Population
200
Speed
Normal
Resources
Standard
Victory
Conquest
Starting age
Dark Age
Ending age
Imperial Age
RankedLock teamsTeams togetherTeam positionsShared explorationLock speedFull tech treeHidden civsTurbo modeCheats
Victory
Defeat
🇨🇳 Varangians · China
1237
+14
1193
+15
🇲🇽 Mongols · Mexico
1170
+16
🇹🇼 Byzantines · Taiwan
1150
+17
🇲🇽 Saxons · Mexico
1245
-17
🇦🇷 Khmer · Argentina
1161
-15
🇨🇱 Chinese · Chile
1158
-15
🇲🇽 Teutons · Mexico
1154
-15
Megatron2002
0:27 Loom
13:33 Feudal Age
14:09 Double-Bit Axe
16:21 Wheelbarrow
16:39 Stone Mining
19:37 Castle Age
17:41 Horse Collar
18:15 Gold Mining
20:47 Bow Saw
22:16 Fervor
22:46 Heavy Plow
27:42 Fletching
27:52 Padded Archer Armor
31:01 Gold Shaft Mining
30:24 Bodkin Arrow
30:44 Leather Archer Armor
30:40 Bloodlines
30:33 Husbandry
33:42 Imperial Age
32:38 Hand Cart
32:48 Ballistics
32:47 Bloodlines
32:38 Husbandry
32:34 Bodkin Arrow
32:54 Leather Archer Armor
33:06 Thumb Ring
33:08 Town Watch
34:00 Stone Shaft Mining
33:48 Onager
35:37 Chemistry
35:01 Drill
35:03 Conscription
34:45 Bracer
35:12 Parthian Tactics
35:45 Siege Engineers
35:31 Elite Mangudai
37:15 Siege Onager
37:43 Capped Ram
38:40 Forging
38:36 Scale Barding Armor
39:56 Iron Casting
38:43 Light Cavalry
44:29 Blast Furnace
43:50 Chain Barding Armor
42:52 Hussar
42:57 Siege Ram
45:53 Caravan
打帝国需要戴老花镜
2:42 Loom
13:28 Feudal Age
14:05 Champi Runner
27:38 Castle Age
26:02 Stone Mining
26:25 Fletching
26:24 Horse Collar
26:51 Town Watch
27:50 Double-Bit Axe
27:41 Crossbowman
33:45 Gold Mining
37:25 Gold Shaft Mining
Liam
0:28 Loom
12:06 Feudal Age
16:37 Castle Age
16:20 Double-Bit Axe
24:03 Wheelbarrow
24:49 Horse Collar
28:27 Bow Saw
29:08 Heavy Plow
33:21 Imperial Age
32:52 Gold Mining
32:53 Stone Mining
33:47 Fortified Wall
33:33 Arson
33:49 Squires
33:34 Gambesons
35:08 Chemistry
34:05 Onager
35:24 Ballistics
35:42 Elite Varangian Guard
40:59 Scale Mail Armor
41:09 Forging
41:12 Scale Mail Armor
41:18 Scale Barding Armor
44:11 Greek Fire
44:57 Logistica
45:41 Chain Mail Armor
49:49 Plate Mail Armor
49:55 Iron Casting
52:47 Chain Barding Armor
52:28 Padded Archer Armor
52:19 Fletching
出兵保護我~
8:54 Loom
11:18 Feudal Age
13:16 Wheelbarrow
16:19 Castle Age
15:42 Double-Bit Axe
16:18 Horse Collar
16:59 Bloodlines
19:23 Bow Saw
23:09 Heavy Plow
27:48 Hand Cart
28:06 Gold Mining
28:09 Stone Mining
33:24 Imperial Age
31:09 Bloodlines
30:59 Husbandry
32:43 Scale Barding Armor
32:49 Forging
33:25 Stone Shaft Mining
32:52 Vendel Legacy
33:55 Chain Barding Armor
35:03 Ballistics
35:43 Chemistry
34:08 Light Cavalry
35:12 Hussar
36:52 Conscription
36:24 Treadmill Crane
36:55 Masonry
37:35 Plate Barding Armor
37:37 Iron Casting
38:35 Caravan
39:38 Two-Man Saw
39:13 Crop Rotation
38:24 Elite Jarl
39:17 Gothikon
42:15 Blast Furnace
45:26 Fletching
45:37 Padded Archer Armor
48:02 Heavy Mounted Crossbowman
48:02 Cranequins
48:40 Bodkin Arrow
49:00 Leather Archer Armor
49:19 Architecture
49:47 Siege Engineers
51:10 Bracer
DSLG | Rommel
0:54 Loom
11:15 Feudal Age
11:40 Double-Bit Axe
11:46 Man-at-Arms
12:12 Arson
27:41 Castle Age
25:57 Gold Mining
25:57 Stone Mining
26:46 Forging
26:36 Scale Mail Armor
27:59 Horse Collar
28:12 Gambesons
28:28 Squires
33:20 Chain Mail Armor
43:56 Iron Casting
45:35 Wheelbarrow
46:42 Heavy Plow
46:55 Bow Saw
47:43 Hand Cart
48:13 Gold Shaft Mining
54:49 Imperial Age
52:07 Pikeman
53:37 Town Watch
L.A.
11:43 Feudal Age
12:26 Horse Collar
15:33 Castle Age
14:03 Double-Bit Axe
16:58 Bow Saw
17:45 Loom
21:09 Heavy Plow
24:46 Wheelbarrow
23:57 Town Watch
24:31 Stone Mining
26:21 Gold Mining
26:35 Scale Mail Armor
27:31 Hand Cart
30:25 Imperial Age
28:59 Fervor
29:03 Town Patrol
29:47 Stone Shaft Mining
29:31 Masonry
29:55 Ballistics
31:25 Ironclad
31:27 Conscription
30:31 Capped Ram
32:22 Chemistry
31:45 Chain Mail Armor
32:06 Crenellations
31:38 Fletching
32:06 Pikeman
32:46 Squires
32:49 Padded Archer Armor
32:51 Bodkin Arrow
33:01 Scale Barding Armor
33:29 Plate Mail Armor
32:54 Guard Tower
34:13 Crop Rotation
34:47 Two-Man Saw
35:02 Forging
35:07 Elite Teutonic Knight
35:37 Gambesons
35:38 Arson
35:14 Man-at-Arms
36:59 Siege Engineers
36:41 Arrowslits
37:25 Onager
38:43 Hoardings
38:14 Halberdier
41:41 Iron Casting
41:08 Padded Archer Armor
41:58 Siege Onager
49:02 Blast Furnace
48:25 Bombard Tower
47:56 Guard Tower
48:17 Fortified Wall
48:57 Guilds
49:18 Coinage
48:49 Caravan
Rayeus
0:50 Loom
13:19 Feudal Age
13:52 Double-Bit Axe
13:51 Horse Collar
19:29 Castle Age
20:27 Bow Saw
20:19 Heavy Plow
23:42 Wheelbarrow
24:02 Light Cavalry
26:02 Forging
26:03 Gold Mining
26:34 Bloodlines
32:18 Husbandry
32:25 Scale Barding Armor
32:56 Iron Casting
34:48 Chain Barding Armor
37:21 Imperial Age
37:28 Imperial Age
38:53 Crop Rotation
37:50 Hussar
39:31 Blast Furnace
Murderer Potato
0:39 Loom
10:05 Feudal Age
15:31 Castle Age
14:12 Double-Bit Axe
14:35 Stone Mining
16:51 Bow Saw
16:57 Horse Collar
22:06 Wheelbarrow
23:28 Heavy Plow
24:40 Fletching
25:17 Hand Cart
25:26 Gold Mining
26:12 Stone Shaft Mining
30:01 Imperial Age
28:11 Bodkin Arrow
28:17 Padded Archer Armor
29:49 Gold Shaft Mining
29:30 Thumb Ring
30:48 Ballistics
33:16 Chemistry
32:58 Conscription
31:59 Elite Chu Ko Nu
32:49 Heavy Rocket Cart
39:06 Caravan
43:39 Forging
43:35 Scale Barding Armor
44:11 Bloodlines
44:02 Husbandry
43:22 Cavalier
50:56 Iron Casting
50:42 Chain Barding Armor
Connection lost

Rejoining the realm…

Still unreachable

The connection could not be restored.

Session expired

The server has moved on; the page needs a fresh start.